 Dungeon Crawl Stone Soup version 0.13-a0-2496-g11650dd (webtiles) character file.

355 Gabry the Shield-Bearer (level 6, -1/53 HPs)
             Began as a Hill Orc Fighter on July 19, 2013.
             Was an Initiate of Nemelex Xobeh.
             Slain by an orc wizard
             ... wielding a -1,+1 orcish dagger
              (2 damage)
             ... on Level 4 of the Dungeon on July 22, 2013.
             The game lasted 00:28:09 (2590 turns).

Gabry the Shield-Bearer (Hill Orc Fighter)          Turns: 2590, Time: 00:28:09

HP  -1/53        AC 10     Str 19      XL: 6   Next:  9%
MP   5/5         EV  6     Int  8      God: Nemelex Xobeh [......]
Gold 112         SH  0     Dex 11 (12) Spells:  0 memorised,  5 levels left

Res.Fire  : . . .   See Invis. : .   e - +3,+1 dwarf short sword
Res.Cold  : . . .   Warding    : .   b - +0 orc scale mail
Life Prot.: . . .   Conserve   : .   c - +1 orc shield
Res.Poison: .       Res.Corr.  : .   (no helmet)
Res.Elec. : .       Clarity    : .   (no cloak)
Sust.Abil.: . .     Spirit.Shd : .   (no gloves)
Res.Mut.  : .       Stasis     : .   (no boots)
Res.Rott. : .       Flight     : .   (no amulet)
Saprovore : + . .                    k - ring of sustenance
                                     o - +3 ring of protection

@: confused, slightly resistant to hostile enchantments, extremely unstealthy
A: saprovore 1
a: Renounce Religion


You were on level 4 of the Dungeon.
You worshipped Nemelex Xobeh.
Nemelex Xobeh was noncommittal.
You were not hungry.

You visited 1 branch of the dungeon, and saw 5 of its levels.

You collected 92 gold pieces.

Inventory:

Hand weapons
 a - a +0,+0 orcish mace
 e - a +3,+1 dwarven short sword (weapon)
 f - a +0,+0 hand axe (quivered)
 g - a cursed +0,-3 dagger
 n - a +0,+0 spear of dragon slaying
Armour
 b - a +0 orcish scale mail (worn)
 c - a +1 orcish shield (worn)
 i - a +0 scale mail
 j - a +0 leather armour
Comestibles
 d - 2 meat rations
 l - an apple
 m - a banana
Scrolls
 q - a scroll of remove curse
Jewellery
 k - a ring of sustenance (right hand)
 o - a +3 ring of protection (left hand)
Potions
 r - a potion of paralysis {unknown}
Miscellaneous
 p - a plain deck of summonings


   Skills:
 + Level 4.0 Fighting
 + Level 2.4 Short Blades
 + Level 2.3 Maces & Flails
 + Level 4.2 Armour
 + Level 2.2 Dodging
 + Level 4.5 Shields


You had 5 spell levels left.
You didn't know any spells.

Dungeon Overview and Level Annotations

Branches:
Dungeon (5/27)
 Temple: D:4-7

Altars:
Cheibriados
Nemelex Xobeh

Annotations
D:3 Grinder
D:4 Eustachio


Innate Abilities, Weirdness & Mutations

You can tolerate rotten meat.


Message History

You feel yourself speed up. The bat hits you but does no damage.
The ufetubus hits you but does no damage.
The ufetubus hits you.
* * * LOW HITPOINT WARNING * * *
The black bear bites you but does no damage.
The black bear closely misses you. The black bear completely misses you.
It hits you but does no damage.
Eustachio casts a spell.
The ufetubus barely misses you. The ufetubus hits you.
* * * LOW HITPOINT WARNING * * *
The ufetubus hits you.
* * * LOW HITPOINT WARNING * * *
The ufetubus hits you but does no damage.
The black bear bites you.
* * * LOW HITPOINT WARNING * * *
The black bear claws you but does no damage.
It hits you.
You die...
Your body disappears without a glow.

####...............#
...........####....######
...........# #..........
#..........# #....######
#..........# #....#
.....r....# #....#
..........# #...b#
..........# #>U5.#
..........# #.@..#
#########.# #b@5.#
#.####b5.5# # #..5......#
# #.........# #
#.........# # #.........#
# #.........# #
#...........


You could see Eustachio, a black bear, a white imp, a lemure, 2 ufetubi and 3
bats.

Vanquished Creatures
  A hound (D:5)
  An iguana (D:4)
  8 adders
  A giant mite (D:4)
  3 giant geckos (D:2)
  2 orcs
  A ball python (D:2)
  A bat skeleton (D:4)
  A bat zombie (D:5)
  A giant cockroach (D:3)
  5 hobgoblins (D:1)
  4 jackals (D:1)
  A quokka (D:3)
  13 bats
  2 giant newts
  15 goblins
  A goblin skeleton (D:4)
  7 kobolds
  A kobold skeleton (D:3)
  11 rats
80 creatures vanquished.

Vanquished Creatures (others)
  2 orc wizards (D:5)
2 creatures vanquished.

Grand Total: 82 creatures vanquished

Notes
Turn   | Place    | Note
--------------------------------------------------------------
     0 | D:1      | Gabry, the Hill Orc Fighter, began the quest for the Orb.
     0 | D:1      | Reached XP level 1. HP: 19/19 MP: 0/0
   144 | D:1      | Reached XP level 2. HP: 26/26 MP: 1/1
   367 | D:1      | Reached XP level 3. HP: 22/33 MP: 2/2
   531 | D:2      | Reached skill level 1 in Short Blades
   592 | D:2      | Reached skill level 4 in Fighting
   637 | D:2      | Reached skill level 1 in Dodging
   637 | D:2      | Reached XP level 4. HP: 10/40 MP: 3/3
   953 | D:2      | Found a sparkling altar of Nemelex Xobeh.
   965 | D:2      | Became a worshipper of Nemelex Xobeh
  1350 | D:3      | Reached XP level 5. HP: 46/46 MP: 4/4
  1385 | D:3      | Received a gift from Nemelex Xobeh
  1728 | D:3      | Noticed Grinder
  1730 | D:3      | Paralysed by Grinder for 7 turns
  1746 | D:3      | Paralysed by Grinder for 7 turns
  1757 | D:3      | Paralysed by Grinder for 7 turns
  1786 | D:3      | Paralysed by Grinder for 5 turns
  2166 | D:4      | Noticed Eustachio
  2175 | D:4      | Upgraded the game from 0.13-a0-2477-geaae114 to 0.13-a0-2496-g11650dd
  2370 | D:5      | Entered Level 5 of the Dungeon
  2465 | D:5      | Found a snail-covered altar of Cheibriados.
  2515 | D:5      | Noticed a black bear
  2574 | D:5      | Reached XP level 6. HP: 24/53 MP: 5/5
  2590 | D:4      | HP: 1/53 [black bear (6)]
  2590 | D:4      | Slain by an orc wizard

Action                   |  1- 3 |  4- 6 || total
-------------------------+-------+-------++-------
Melee: Short sword       |   140 |   213 ||   353
       Mace              |     2 |       ||     2
  Use: Scroll            |     2 |    10 ||    12
       Potion            |       |     8 ||     8
